SR
HUDSONVILLE FLANDERSES @ LADUE RAMS
07/21/2041
 
TOP OF THE 1ST
Hudsonville Flanderses batting - Pitching for Ladue Rams : LHP Jim Steel
Pitching: LHP Jim Steel
Batting: SHB José García 0-0: Called Strike
0-1: Ball
1-1: Ground out 5-3 (Groundball, 56S, EV 73.8 MPH)
Batting: RHB Bartolo Ayala 0-0: Ball
1-0: Swinging Strike
1-1: Ball
2-1: SINGLE (Groundball, 56D, EV 99.4 MPH)
Batting: RHB Pancho Achio 0-0: Ball
1-0: Foul Ball, location: 2F
1-1: Foul Ball, location: 2F
1-2: Strikes out looking
Batting: SHB Bailey Stuart 0-0: SINGLE (Line Drive, 8RS, EV 95.0 MPH)
Bartolo Ayala to second
Runner from 2nd tries for 3rd, SAFE, no throw by CF
Batting: RHB Yosuke Konishi 0-0: Ball
1-0: Ground out 4-3 (Groundball, 4, EV 89.4 MPH)
Top of the 1st over - 0 runs, 2 hits, 0 errors, 2 left on base; Hudsonville 0 - Ladue 0
BOTTOM OF THE 1ST
Ladue Rams batting - Pitching for Hudsonville Flanderses : RHP Roberto Córdova
Pitching: RHP Roberto Córdova
Batting: SHB Cristo López 0-0: Ball
1-0: Fly out, F8 (Flyball, 8LD, EV 92.5 MPH)
Batting: RHB Luis Miguel Monteblanco 0-0: Ball
1-0: Called Strike
1-1: Foul Ball, location: 2F
1-2: Ball
2-2: Strikes out looking
Batting: LHB Ruff McGruffin 0-0: Called Strike
0-1: Foul Ball, location: 2F
0-2: Foul Ball, location: 2F
0-2: Strikes out swinging
Bottom of the 1st over - 0 runs, 0 hits, 0 errors, 0 left on base; Hudsonville 0 - Ladue 0
TOP OF THE 2ND
Hudsonville Flanderses batting - Pitching for Ladue Rams : LHP Jim Steel
Batting: RHB António Alguacil 0-0: Swinging Strike
0-1: Ball
1-1: Ball
2-1: Swinging Strike
2-2: Fly out, F7 (Flyball, 78D, EV 89.4 MPH)
Batting: LHB Ben Yunusov 0-0: Foul Ball, location: 2F
0-1: Ball
1-1: Ball
2-1: Swinging Strike
2-2: Fly out, F9 (Flyball, 89S, EV 91.2 MPH)
Batting: RHB Tony Mendoza 0-0: Fly out, F9 (Flyball, 89M, EV 86.2 MPH)
Top of the 2nd over - 0 runs, 0 hits, 0 errors, 0 left on base; Hudsonville 0 - Ladue 0
BOTTOM OF THE 2ND
Ladue Rams batting - Pitching for Hudsonville Flanderses : RHP Roberto Córdova
Batting: LHB Tokaji Mizuno 0-0: Called Strike
0-1: Foul Ball, location: 2F
0-2: Strikes out swinging
Batting: RHB Nick Davis 0-0: Ball
1-0: Ball
2-0: Foul Ball, location: 2F
2-1: Foul Ball, location: 2F
2-2: Foul Ball, location: 2F
2-2: Ball
3-2: Foul Ball, location: 2F
3-2: Fly out, F9 (Flyball, 9S, EV 90.0 MPH)
Batting: LHB Dan Webb 0-0: Ball
1-0: Ball
2-0: Called Strike
2-1: Foul Ball, location: 2F
2-2: Foul Ball, location: 2F
2-2: Foul Ball, location: 2F
2-2: Foul Ball, location: 2F
2-2: Ball
3-2: Fly out, F6 (Popup, 6M, EV 52.5 MPH)
Bottom of the 2nd over - 0 runs, 0 hits, 0 errors, 0 left on base; Hudsonville 0 - Ladue 0
TOP OF THE 3RD
Hudsonville Flanderses batting - Pitching for Ladue Rams : LHP Jim Steel
Batting: RHB Mike Marcus 0-0: Ground out 1-3 (Groundball, 34S, EV 83.8 MPH)
Batting: SHB José García 0-0: Ball
1-0: Called Strike
1-1: Foul Ball, location: 2F
1-2: SINGLE (Line Drive, 4D, EV 105.6 MPH)
Batting: RHB Bartolo Ayala 0-0: Foul Ball, location: 2F
0-1: Swinging Strike
0-2: Ball
1-2: Ball
2-2: Ball
José García is caught stealing 2nd base 2-4
3-2: Strikes out looking
Top of the 3rd over - 0 runs, 1 hit, 0 errors, 0 left on base; Hudsonville 0 - Ladue 0
BOTTOM OF THE 3RD
Ladue Rams batting - Pitching for Hudsonville Flanderses : RHP Roberto Córdova
Batting: LHB Li-ping Lian 0-0: Bunted foul
0-1: Called Strike
0-2: Ball
1-2: Strikes out swinging
Batting: RHB Clark Curtis 0-0: Ball
1-0: Ball
2-0: Foul Ball, location: 2F
2-1: Fly out, F8 (Flyball, 8LS, EV 96.2 MPH)
Batting: RHB Yuk Ye 0-0: Ball
1-0: Called Strike
1-1: Foul Ball, location: 2F
1-2: Ball
2-2: SINGLE (Groundball, 3D, EV 94.4 MPH)
Batting: SHB Cristo López 0-0: Foul Ball, location: 2F
0-1: Ball
1-1: Called Strike
1-2: Foul Ball, location: 2F
1-2: Foul Ball, location: 2F
1-2: Ball
2-2: SINGLE (Groundball, 34D, EV 100.6 MPH)
Yuk Ye to second
Runner from 2nd tries for 3rd, SAFE, throw by RF made to third
Batting: RHB Luis Miguel Monteblanco 0-0: Ball
1-0: Fly out, F9 (Flyball, 9S, EV 83.1 MPH)
Bottom of the 3rd over - 0 runs, 2 hits, 0 errors, 2 left on base; Hudsonville 0 - Ladue 0
TOP OF THE 4TH
Hudsonville Flanderses batting - Pitching for Ladue Rams : LHP Jim Steel
Batting: RHB Pancho Achio 0-0: Foul Ball, location: 2F
0-1: Ball
1-1: Ground out 5-3 (Groundball, 5, EV 81.2 MPH)
Batting: SHB Bailey Stuart 0-0: Fly out, F5 (Line Drive, 5, EV 63.8 MPH)
Batting: RHB Yosuke Konishi 0-0: Foul Ball, location: 2F
0-1: Foul Ball, location: 2F
0-2: Foul Ball, location: 2F
0-2: Foul Ball, location: 2F
0-2: Foul Ball, location: 2F
0-2: Ball
1-2: Foul Ball, location: 2F
1-2: SINGLE (Groundball, 6M, EV 107.5 MPH) (infield hit)
Batting: RHB António Alguacil 0-0: Ball
1-0: Ball
2-0: Ball
3-0: Called Strike
3-1: Foul Ball, location: 2F
3-2: Base on Balls
Yosuke Konishi to second
Batting: LHB Ben Yunusov 0-0: Ball
1-0: Ball
2-0: Foul Ball, location: 2F
2-1: Called Strike
2-2: Strikes out swinging
Top of the 4th over - 0 runs, 1 hit, 0 errors, 2 left on base; Hudsonville 0 - Ladue 0
BOTTOM OF THE 4TH
Ladue Rams batting - Pitching for Hudsonville Flanderses : RHP Roberto Córdova
Batting: LHB Ruff McGruffin 0-0: Ground out 1-3 (Groundball, 34S, EV 93.8 MPH)
Batting: LHB Tokaji Mizuno 0-0: Called Strike
0-1: Ball
1-1: Foul Ball, location: 2F
1-2: Foul Ball, location: 7LSF, Error on foul ball, E7
1-2: Ball
2-2: Foul Ball, location: 2F
2-2: Strikes out swinging
Batting: RHB Nick Davis 0-0: Ball
1-0: Foul Ball, location: 2F
1-1: Ball
2-1: Foul Ball, location: 2F
2-2: Strikes out swinging
Bottom of the 4th over - 0 runs, 0 hits, 1 error, 0 left on base; Hudsonville 0 - Ladue 0
TOP OF THE 5TH
Hudsonville Flanderses batting - Pitching for Ladue Rams : LHP Jim Steel
Batting: RHB Tony Mendoza 0-0: Foul Ball, location: 2F
0-1: Called Strike
0-2: Ball
1-2: Strikes out swinging
Batting: RHB Mike Marcus 0-0: Swinging Strike
0-1: Ball
1-1: Foul Ball, location: 2F
1-2: Ball
2-2: Foul Ball, location: 2F
2-2: Strikes out swinging
Batting: SHB José García 0-0: SINGLE (Groundball, 6MD, EV 98.1 MPH)
Batting: RHB Bartolo Ayala 0-0: Called Strike
0-1: Fielders Choice at 2nd, 5-4 (Groundball, 56, EV 101.2 MPH)
Top of the 5th over - 0 runs, 1 hit, 0 errors, 1 left on base; Hudsonville 0 - Ladue 0
BOTTOM OF THE 5TH
Ladue Rams batting - Pitching for Hudsonville Flanderses : RHP Roberto Córdova
Batting: LHB Dan Webb 0-0: Fly out, F5 (Line Drive, 5, EV 71.9 MPH)
Batting: LHB Li-ping Lian 0-0: Called Strike
0-1: Called Strike
0-2: Strikes out looking
Batting: RHB Clark Curtis 0-0: Swinging Strike
0-1: Foul Ball, location: 2F
0-2: Strikes out swinging
Bottom of the 5th over - 0 runs, 0 hits, 0 errors, 0 left on base; Hudsonville 0 - Ladue 0
TOP OF THE 6TH
Hudsonville Flanderses batting - Pitching for Ladue Rams : LHP Jim Steel
Batting: RHB Pancho Achio 0-0: Ground out 6-3 (Groundball, 6, EV 84.4 MPH)
Batting: SHB Bailey Stuart 0-0: Ball
1-0: Foul Ball, location: 2F
1-1: Foul Ball, location: 2F
1-2: DOUBLE (Groundball, 5L, EV 101.9 MPH)
Batting: RHB Yosuke Konishi 0-0: Ball
1-0: Foul Ball, location: 2F
1-1: Foul Ball, location: 2F
1-2: Ground out 4-3 (Groundball, 4, EV 85.6 MPH)
Bailey Stuart to third
Batting: RHB António Alguacil 0-0: Ball
1-0: Ground out U3 (Groundball, 3, EV 102.5 MPH)
Top of the 6th over - 0 runs, 1 hit, 0 errors, 1 left on base; Hudsonville 0 - Ladue 0
BOTTOM OF THE 6TH
Ladue Rams batting - Pitching for Hudsonville Flanderses : RHP Roberto Córdova
Batting: RHB Yuk Ye 0-0: DOUBLE (Line Drive, 78XD, EV 101.2 MPH)
Batting: SHB Cristo López 0-0: Ball
1-0: Called Strike
1-1: Ball
2-1: Called Strike
2-2: Strikes out swinging
Batting: RHB Luis Miguel Monteblanco 0-0: Foul Ball, location: 2F
0-1: Called Strike
0-2: Ball
1-2: Ball
2-2: Strikes out looking
Batting: LHB Ruff McGruffin 0-0: Called Strike
0-1: Ball
1-1: Foul Ball, location: 2F
1-2: Strikes out swinging
Bottom of the 6th over - 0 runs, 1 hit, 0 errors, 1 left on base; Hudsonville 0 - Ladue 0
TOP OF THE 7TH
Hudsonville Flanderses batting - Pitching for Ladue Rams : LHP Jim Steel
Batting: LHB Ben Yunusov 0-0: Swinging Strike
0-1: Ball
1-1: Ball
2-1: Foul Ball, location: 2F
2-2: Fly out, F8 (Flyball, 8LS, EV 87.5 MPH)
Batting: RHB Tony Mendoza 0-0: Ball
1-0: Called Strike
1-1: Called Strike
1-2: Strikes out swinging
Batting: RHB Mike Marcus 0-0: Foul Ball, location: 2F
0-1: Ball
1-1: Fly out, F8 (Line Drive, 8RM, EV 91.9 MPH)
Top of the 7th over - 0 runs, 0 hits, 0 errors, 0 left on base; Hudsonville 0 - Ladue 0
BOTTOM OF THE 7TH
Ladue Rams batting - Pitching for Hudsonville Flanderses : RHP Roberto Córdova
Batting: LHB Tokaji Mizuno 0-0: Called Strike
0-1: Ball
1-1: Ball
2-1: Swinging Strike
2-2: Strikes out swinging
Batting: RHB Nick Davis 0-0: Ball
1-0: Fly out, F7 (Flyball, 7S, EV 84.4 MPH)
Batting: LHB Dan Webb 0-0: Ball
1-0: Ball
2-0: Ball
3-0: Base on Balls
Batting: LHB Li-ping Lian 0-0: Called Strike
0-1: Ball
1-1: Fly out, F6 (Popup, 15S, EV 87.5 MPH)
Bottom of the 7th over - 0 runs, 0 hits, 0 errors, 1 left on base; Hudsonville 0 - Ladue 0
TOP OF THE 8TH
Hudsonville Flanderses batting - Pitching for Ladue Rams : LHP Jim Steel
Pitching: RHP Ari Schaller
Batting: SHB José García 0-0: Foul Ball, location: 2F
0-1: Swinging Strike
0-2: Foul Ball, location: 2F
0-2: Ball
1-2: Strikes out looking
Batting: RHB Bartolo Ayala 0-0: Foul Ball, location: 2F
0-1: Swinging Strike
0-2: Fly out, F8 (Flyball, 8RD, EV 105.0 MPH)
Batting: RHB Pancho Achio 0-0: Ball
1-0: Ball
2-0: Swinging Strike
2-1: Ground out 6-3 (Groundball, 6, EV 85.6 MPH)
Top of the 8th over - 0 runs, 0 hits, 0 errors, 0 left on base; Hudsonville 0 - Ladue 0
BOTTOM OF THE 8TH
Ladue Rams batting - Pitching for Hudsonville Flanderses : RHP Roberto Córdova
Pitching: RHP Ricardo Rodríguez
Batting: RHB Clark Curtis 0-0: Foul Ball, location: 2F
0-1: Foul Ball, location: 2F
0-2: Foul Ball, location: 2F
0-2: Ground out 6-3 (Groundball, 6, EV 81.2 MPH)
Batting: RHB Yuk Ye 0-0: Ball
1-0: SINGLE (Flyball, 89S, EV 90.0 MPH)
Batting: SHB Cristo López 0-0: Swinging Strike
0-1: Swinging Strike
0-2: Ball
1-2: Strikes out swinging
Batting: RHB Luis Miguel Monteblanco 0-0: Swinging Strike
0-1: Foul Ball, location: 2F
0-2: Ball
1-2: Foul Ball, location: 2F
1-2: Ball
2-2: Fly out, F5 (Popup, 5, EV 79.4 MPH)
Bottom of the 8th over - 0 runs, 1 hit, 0 errors, 1 left on base; Hudsonville 0 - Ladue 0
TOP OF THE 9TH
Hudsonville Flanderses batting - Pitching for Ladue Rams : RHP Ari Schaller
Pitching: LHP Bill Williams
Batting: SHB Bailey Stuart 0-0: Called Strike
0-1: Ball
1-1: Fly out, F4 (Popup, 4, EV 58.8 MPH)
Batting: RHB Yosuke Konishi 0-0: DOUBLE (Line Drive, 3D, EV 103.1 MPH)
Batting: RHB António Alguacil 0-0: Intentional Walk
Pinch Hitting: RHB John Simpson 0-0: Ball
1-0: Ball
2-0: Ball
3-0: Base on Balls
Yosuke Konishi to third
António Alguacil to second
Batting: RHB Tony Mendoza 0-0: SINGLE (Groundball, 5, EV 92.5 MPH) (infield hit)
Yosuke Konishi scores
António Alguacil to third
John Simpson to second
Batting: RHB Mike Marcus 0-0: Swinging Strike
0-1: Fly out, F9 (Flyball, 9S, EV 73.1 MPH)
Batting: SHB José García 0-0: Swinging Strike
0-1: Swinging Strike
0-2: Ball
1-2: Foul Ball, location: 2F
1-2: Strikes out swinging
Top of the 9th over - 1 run, 2 hits, 0 errors, 3 left on base; Hudsonville 1 - Ladue 0
BOTTOM OF THE 9TH
Ladue Rams batting - Pitching for Hudsonville Flanderses : RHP Ricardo Rodríguez
Now in RF: Vonne Fajardo
Batting: LHB Ruff McGruffin 0-0: Ground out 6-3 (Groundball, 6S, EV 86.9 MPH)
Batting: LHB Tokaji Mizuno 0-0: Foul Ball, location: 2F
0-1: Called Strike
0-2: Ball
1-2: Fly out, F9 (Flyball, 8RS, EV 86.9 MPH)
Batting: RHB Nick Davis 0-0: Fly out, F8 (Flyball, 8LM, EV 92.5 MPH)
Bottom of the 9th over - 0 runs, 0 hits, 0 errors, 0 left on base; Hudsonville 1 - Ladue 0
Tuesday, January 5th, 2021 - OOTP Baseball 20.8 Build 74